 Dungeon Crawl Stone Soup version 0.29.1-1-gd02db6906a (webtiles) character file.

Game seed: 102111494011342720

27743 RogueRain17 the Convoker (level 13, -17/79 HPs)
             Began as a Demonspawn Summoner on Sept 25, 2022.
             Was a High Priest of Sif Muna.
             Killed by an exploding themself (25 damage)
             ... ignited by their inner flame
             ... on level 4 of the Lair of Beasts on Sept 26, 2022.
             The game lasted 02:00:34 (19733 turns).

RogueRain17 the Convoker (Demonspawn Summoner)     Turns: 19733, Time: 02:00:35

Health: -17/79     AC: 16    Str: 11    XL:     13   Next: 6%
Magic:  13/22      EV: 19    Int: 26    God:    Sif Muna [*****.]
Gold:   783        SH:  0    Dex: 22    Spells: 9/24 levels left

rFire   . . .      SeeInvis .   E - +3 halberd
rCold   . . .      Faith    .   (shield currently unavailable)
rNeg    . . .      Spirit   .   A - +3 leather armour of Onysihec {Str+2 Dex+3}
rPois   .          Reflect  .   L - +1 hat {Will+}
rElec   .          Harm     .   j - +0 cloak
rCorr   .          Rampage  .   (no gloves)
Will    +....                   (no boots)
Stlth   ++++......              (no amulet)
HPRegen 0.23/turn               G - +6 ring of intelligence
MPRegen 0.18/turn               D - ring of the Tortoise {AC+8}

@: no status effects
A: thin skeletal structure 2, foul stench 2, condensation shield, weakness
stinger 2
a: Renounce Religion, Channel Magic, Forget Spell, Divine Exegesis


You were on level 4 of the Lair of Beasts.
You worshipped Sif Muna.
Sif Muna was extremely pleased with you.
You visited 3 branches of the dungeon, and saw 16 of its levels.

You collected 783 gold pieces.

Inventory:

Hand Weapons
 E - a +3 halberd (weapon)
Missiles
 w - a throwing net
Armour
 j - a +0 cloak (worn)
 A - the +3 leather armour of Onysihec (worn) {Str+2 Dex+3}
   (You found it on level 6 of the Dungeon)

   Str:       It affects your strength (+2).
   Dex:       It affects your dexterity (+3).
 L - a +1 hat of willpower (worn)
Jewellery
 b - a ring of protection from fire
 f - a ring of poison resistance
 h - a ring of wizardry
 m - a +6 ring of strength
 x - a ring of resist corrosion
 y - a ring of protection from cold
 D - the ring of the Tortoise (right hand) {AC+8}
   (You took it off a kobold on level 7 of the Dungeon)

   [ring of protection]

   AC:        It affects your AC (+8).
 F - a ring of willpower
 G - a +6 ring of intelligence (left hand)
Wands
 B - a wand of polymorph (15)
 N - a wand of flame (4)
Scrolls
 a - 2 scrolls of torment
 c - 5 scrolls of identify
 g - 2 scrolls of brand weapon
 i - 3 scrolls of amnesia
 l - a scroll of silence
 n - a scroll of immolation
 o - 3 scrolls of enchant weapon
 p - 3 scrolls of noise
 q - a scroll of blinking
 r - 3 scrolls of enchant armour
 s - 6 scrolls of teleportation
 u - 4 scrolls of butterflies
 M - 2 scrolls of summoning
 P - a scroll of poison
Potions
 d - 7 potions of curing
 e - 2 potions of cancellation
 k - 5 potions of degeneration {unknown}
 t - 2 potions of might
 v - 2 potions of brilliance {unknown}
 z - 2 potions of ambrosia {unknown}
 C - a potion of mutation {unknown}
 H - a potion of attraction {unknown}
 I - 2 potions of heal wounds
 J - 3 potions of flight {unknown}
 K - a potion of resistance {unknown}
 O - a potion of berserk rage {unknown}


   Skills:
 + Level 7.0 Polearms
 - Level 10.1 Dodging
 - Level 1.7 Stealth
 - Level 6.0 Spellcasting
 + Level 15.3 Summonings
 + Level 6.1 Translocations
 - Level 4.0 Air Magic


You had 9 spell levels left.
You knew the following spells:

 Your Spells              Type           Power      Damage    Failure   Level
a - Summon Small Mammal   Summ           100%       N/A       0%          1
b - Call Imp              Summ           73%        N/A       1%          2
c - Call Canine Familiar  Summ           73%        N/A       1%          3
d - Summon Guardian Gole  Hex/Summ       47%        N/A       1%          3
e - Blink                 Tloc           78%        N/A       1%          2
f - Summon Lightning Spi  Summ/Air       55%        N/A       1%          4

Your spell library contained the following spells:

 Spells                   Type           Power      Damage    Failure   Level
 Apportation              Tloc           78%        N/A       1%          1
 Lesser Beckoning         Tloc           39%        N/A       2%          3
 Poisonous Vapours        Pois/Air       36%        N/A       6%          2
 Static Discharge         Conj/Air       18%        3-6/arc   6%          2
 Passage of Golubria      Tloc           39%        N/A       8%          4
 Magic Dart               Conj           28%        1d4       9%          1
 Necrotise                Necr           28%        1d5       9%          1
 Searing Ray              Conj           14%        2d5       14%         2
 Manifold Assault         Tloc           39%        N/A       21%         5
 Inner Flame              Hex/Fire       7%         N/A       26%         3
 Tukima's Dance           Hex            7%         N/A       26%         3
 Corpse Rot               Necr/Pois/Air  14%        N/A       47%         4
 Dispel Undead            Necr           7%         3d8       65%         4
 Fulminant Prism          Conj/Hex       3%         3d6       65%         4
 Hailstorm                Conj/Ice       7%         3d4       65%         4
 Sticky Flame             Conj/Fire      7%         2d3       65%         4
 Yara's Violent Unravell  Hex/Tmut       3%         3d4       94%         5
 Dragon Form              Tmut           3%         N/A       100%        7
 Ignition                 Fire           3%         3d4       100%        8
 Fire Storm               Conj/Fire      3%         8d1       100%        9


Dungeon Overview and Level Annotations

Branches:
Dungeon (11/15)            Temple (1/1) D:6            Lair (4/5) D:8
 Shoals (0/4) Lair:3        Snake (0/4) Lair:2          Orc (0/2) D:9
  Slime: Lair:4-5

Altars:
Ashenzari
Cheibriados
Dithmenos
Fedhas
Gozag
Hepliaklqana
Kikubaaqudgha
Makhleb
Nemelex Xobeh
Okawaru
Qazlal
Ru
Sif Muna
Trog
Uskayaw
Vehumet
Wu Jian
Xom
Yredelemnul

Shops:
D:9 ?


Innate Abilities, Weirdness & Mutations

You have a moderately thin skeletal structure. (Dex +4, Stealth++)
You sometimes emit foul miasma when damaged in melee.
A meltable shield of frost defends you. (SH +0)
You have a tail ending in a sharp stinger.


Message History

Confirm with . or Enter, or press ? or * to list all spells.
An electric hum fills the air.
Your warg bites the komodo dragon but does no damage.
The komodo dragon bites your warg!
A yak, a black mamba and 2 dream sheep come into view.
The dream sheep are wreathed in dream dust.
You feel drowsy...
You fall asleep.
The komodo dragon bites your warg!!
Your warg bites the komodo dragon.
The yak bellows!
The dream sheep bleats!
The yak bellows!
The dream sheep bleats!
You hear a bellow!
You hear an angry hiss.
A torpor snail comes into view.
Being near the torpor snail leaves you feeling lethargic.
The komodo dragon completely misses your warg.
You hear a croak.
Your warg bites the komodo dragon!
The komodo dragon bites your warg!
Your guardian golem overheats!
The black mamba completely misses you.
A bullfrog comes into view.
A yak comes into view.
Your warg bites the komodo dragon!
The black mamba bites you!!!
You wake up.
The komodo dragon bites your warg!!
Your warg dies!
Your warg's corpse disappears in a puff of smoke!
Flame seeps out of your guardian golem.
Your lightning spire shoots out a bolt of lightning at the komodo dragon!
The bolt of electricity hits the komodo dragon!
The bolt of electricity hits the dream sheep!
Really walk into that cloud of flame?
Okay, then.
Really walk into that cloud of flame?
You swap places.
You are engulfed in blazing flames.
Your condensation shield dissipates!
* * * LOW HITPOINT WARNING * * *
You feel yourself speed up.
The black mamba bites your guardian golem.
Flame seeps out of your guardian golem.
The black mamba bites your guardian golem!
Your guardian golem disappears in a puff of smoke!
Your guardian golem explodes!
The fiery explosion engulfs you!!
You die...

#...# ..... .. Y.....
##. wY.Y## #.. #.Y..P#
## ##.##### Y....##
.#..#...#..###Sl.....
.............@○§Y.YF..
.........#..##8§......
...........#####.....##
...........### ......#
P...##.#..##.P##...#####
#....#..............#
##....................
#P...##................
#....##...............


You could see a komodo dragon (distracted, ally target), a black mamba, a
bullfrog, 4 dream sheep and a friendly lightning spire (summoned, sheltered).

Vanquished Creatures
  A hydra (Lair:4)
  Pikel (D:4)
  2 elephants (Lair:1)
  A black mamba (Lair:3)
  A cane toad (Lair:2)
  Maggie (D:9)
  A polar bear (Lair:3)
  A troll (D:10)
  A hornet (D:7)
  5 blink frogs (Lair:1)
  A shadow (D:9)
  2 wyverns
  A fire bat (Lair:1)
  A yak (Lair:3)
  Menkaure (D:6)
  3 water moccasins
  5 wolves
  2 lemures
  2 kobold brigands
  A gnoll sergeant (D:10)
  2 bullfrogs
  A scorpion (D:6)
  3 killer bees
  An electric eel (Lair:3)
  3 howler monkeys (D:9)
  2 lava snakes (Lair:3)
  2 orc wizards
  A hell rat (Lair:1)
  4 gnolls
  4 adders
  6 orcs
  4 bats
  4 endoplasms
  A giant cockroach (D:2)
  A hobgoblin (D:2)
  5 kobolds
  4 quokkas
  A ball python (D:4)
  A frilled lizard (D:3)
  2 rats
86 creatures vanquished.

Vanquished Creatures (collateral kills)
  Gastronok (D:9)
  Erolcha (D:10)
  2 hydras
  A two-headed ogre (D:10)
  3 elephants (Lair:1)
  A black mamba (Lair:1)
  4 cane toads
  3 rime drakes
  Psyche (D:8)
  2 komodo dragons
  A troll (D:9)
  A polar bear (Lair:2)
  3 blink frogs (Lair:3)
  Grinder (D:6)
  A basilisk (D:8)
  2 fire bats (Lair:1)
  2 wyverns (D:8)
  12 yaks
  Grum (D:8)
  5 nagas
  6 water moccasins
  3 ice beasts
  2 black bears
  4 orc warriors
  3 ogres
  A swamp drake (D:8)
  8 wolves
  2 centaurs (D:9)
  3 phantoms (D:6)
  2 kobold brigands (D:7)
  2 bullfrogs
  A gnoll sergeant (D:9)
  A necrophage (D:6)
  5 scorpions
  12 wights
  Dowan (D:6)
  5 killer bees
  5 howler monkeys
  2 electric eels (Lair:3)
  A lava snake (Lair:3)
  A gnoll bouda (D:6)
  A hound (D:4)
  3 jellies
  9 orc priests
  2 iguanas
  9 orc wizards
  A hell rat (Lair:1)
  10 gnolls
  8 adders
  A white imp (D:6)
  2 ufetubi
  A dart slug (D:4)
  37 orcs
  3 bats
  11 endoplasms
  2 giant cockroaches (D:4)
  3 goblins
  8 hobgoblins
  28 kobolds
  5 quokkas
  5 ball pythons
  A frilled lizard (D:3)
  6 rats
274 creatures vanquished.

Vanquished Creatures (others)
  A two-headed ogre (D:10)
  An ugly thing (D:8)
  An elephant (Lair:1)
  A komodo dragon (Lair:4)
  A blink frog (Lair:3)
  A hornet (D:7)
  6 yaks
  Duvessa (D:6)
  An orc warrior (D:9)
  5 wolves
  A wight (D:8)
  2 killer bees (D:9)
  A jelly (D:6)
  2 orc priests (D:8)
  An orc wizard (D:8)
  2 hell rats (Lair:1)
  2 orcs (D:9)
  34 fungi
  27 plants
  6 toadstools (D:2)
97 creatures vanquished.

Grand Total: 457 creatures vanquished

Notes
Turn   | Place    | Note
-------+----------+-------------------------------------------
     0 | D:1      | RogueRain17 the Demonspawn Summoner began the quest for the
                  | Orb.
     0 | D:1      | Reached XP level 1. HP: 13/13 MP: 3/3
   427 | D:1      | Gained mutation: You may rarely emit foul miasma when
                  | damaged in melee. [demonic ancestry]
   427 | D:1      | Reached XP level 2. HP: 19/19 MP: 3/5
  1153 | D:2      | Learned a level 2 spell: Call Imp
  1244 | D:2      | Reached skill level 5 in Summonings
  1244 | D:2      | Reached XP level 3. HP: 24/24 MP: 3/6
  1272 | D:2      | Found a faded altar of an unknown god.
  2126 | D:2      | Reached XP level 4. HP: 24/30 MP: 4/7
  2160 | D:2      | Reached skill level 6 in Summonings
  2479 | D:3      | Gained mutation: You have a somewhat thin skeletal
                  | structure. (Dex +2, Stealth+) [demonic ancestry]
  2479 | D:3      | Reached XP level 5. HP: 35/35 MP: 5/8
  2741 | D:3      | Noticed an ogre
  2765 | D:3      | Killed an ogre
  2766 | D:3      | Reached skill level 7 in Summonings
  3105 | D:2      | Learned a level 3 spell: Call Canine Familiar
  3132 | D:3      | Gained mutation: You sometimes emit foul miasma when
                  | damaged in melee. [demonic ancestry]
  3132 | D:3      | Reached XP level 6. HP: 41/41 MP: 0/9
  3480 | D:4      | Noticed Pikel
  3521 | D:2      | Reached skill level 8 in Summonings
  3960 | D:4      | Got the Teachings on the Arsonist
  4243 | D:4      | Killed Pikel
  4244 | D:4      | Reached skill level 9 in Summonings
  4244 | D:4      | Reached XP level 7. HP: 33/46 MP: 2/10
  4529 | D:4      | Reached skill level 10 in Summonings
  4823 | D:4      | Gained mutation: A meltable shield of frost defends you.
                  | (SH +0) [demonic ancestry]
  4823 | D:4      | Reached XP level 8. HP: 52/52 MP: 11/11
  4832 | D:4      | Learned a level 3 spell: Summon Guardian Golem
  4875 | D:5      | Entered Level 5 of the Dungeon
  4875 | D:5      | Found a broken altar of Ashenzari.
  4875 | D:5      | Found a shadowy altar of Dithmenos.
  5226 | D:5      | Reached skill level 11 in Summonings
  5479 | D:5      | Found a bloodstained altar of Trog.
  6649 | D:6      | Found a staircase to the Ecumenical Temple.
  6650 | D:6      | Noticed Menkaure
  6664 | D:6      | Killed Menkaure
  6665 | D:6      | Reached skill level 12 in Summonings
  7078 | D:6      | Reached XP level 9. HP: 57/57 MP: 12/12
  7193 | D:6      | Noticed Dowan
  7196 | D:6      | Noticed Duvessa
  7220 | D:6      | Killed Duvessa
  7252 | D:6      | Killed Dowan
  7492 | D:6      | Reached skill level 13 in Summonings
  7628 | D:6      | Noticed Grinder
  7926 | D:6      | Paralysed by Grinder for 2 turns
  7927 | D:6      | Killed Grinder
  8167 | D:6      | Identified the +3 leather armour of Onysihec {Str+2 Dex+3}
  8373 | Temple   | Entered the Ecumenical Temple
  8434 | Temple   | Became a worshipper of Sif Muna the Loreminder
  8565 | D:7      | Found a snail-covered altar of Cheibriados.
  8571 | D:7      | Found a stormy altar of Qazlal.
  8574 | D:7      | Found an ornate altar of the Wu Jian Council.
  8581 | D:7      | Found an iron altar of Okawaru.
  8669 | D:7      | Learned a level 2 spell: Blink
  8956 | D:7      | Reached * piety under Sif Muna
  8957 | D:7      | Reached skill level 14 in Summonings
  8957 | D:7      | Reached skill level 1 in Translocations
  9176 | D:7      | Reached XP level 10. HP: 59/63 MP: 7/14
  9400 | D:7      | Found a hazy altar of Hepliaklqana.
 10003 | D:8      | Noticed a red ugly thing
 10005 | D:8      | Noticed Psyche
 10047 | D:8      | Killed Psyche
 10228 | D:8      | Killed a purple ugly thing
 10447 | D:8      | Noticed Grum
 10491 | D:8      | Killed Grum
 10911 | D:7      | Learned a level 4 spell: Summon Lightning Spire
 11120 | D:8      | Found a staircase to the Lair.
 11574 | D:9      | Reached skill level 1 in Polearms
 11578 | D:9      | Reached ** piety under Sif Muna
 11596 | D:9      | Reached skill level 5 in Spellcasting
 11875 | D:9      | Found Puabbe's Magic Scroll Shoppe.
 11881 | D:9      | Noticed Gastronok
 11900 | D:9      | Killed Gastronok
 11901 | D:9      | Reached skill level 5 in Dodging
 11901 | D:9      | Gained mutation: You have a small tail. [demonic ancestry]
 11901 | D:9      | Reached XP level 11. HP: 68/68 MP: 6/19
 12233 | D:9      | Found a staircase to the Orcish Mines.
 12268 | D:9      | Noticed Maggie
 12285 | D:9      | Killed Maggie
 12299 | D:9      | Reached skill level 1 in Air Magic
 12301 | D:9      | Reached *** piety under Sif Muna
 12582 | D:9      | Found a radiant altar of Vehumet.
 12585 | D:9      | Found an opulent altar of Gozag.
 12885 | D:10     | Entered Level 10 of the Dungeon
 12975 | D:10     | Noticed a two-headed ogre
 12989 | D:10     | Killed a two-headed ogre
 13341 | D:10     | Reached skill level 5 in Translocations
 13399 | D:10     | Noticed a two-headed ogre
 13404 | D:10     | Killed a two-headed ogre
 13678 | D:10     | Noticed Erolcha
 13695 | D:10     | Killed Erolcha
 13986 | Lair:1   | Entered Level 1 of the Lair of Beasts
 14647 | Lair:1   | Reached skill level 5 in Polearms
 14726 | Lair:1   | Gained mutation: You have a tail ending in a sharp stinger.
                  | [demonic ancestry]
 14726 | Lair:1   | Reached XP level 12. HP: 74/74 MP: 1/21
 15128 | Lair:1   | Reached **** piety under Sif Muna
 16177 | Lair:2   | Noticed a four-headed hydra
 16633 | Lair:2   | Noticed a death yak
 16663 | Lair:2   | Noticed a death yak
 16663 | Lair:2   | Noticed a death yak
 16685 | Lair:2   | Noticed a death yak
 17001 | Lair:2   | Found a staircase to the Snake Pit.
 17298 | Lair:2   | Killed a four-headed hydra
 17560 | Lair:2   | Noticed a death yak
 17821 | Lair:3   | Found a staircase to the Shoals.
 17895 | Lair:3   | Got the Collected Works on the Chill and Shapeshifting
 17936 | Lair:3   | Reached skill level 15 in Summonings
 18541 | Lair:3   | Reached skill level 10 in Dodging
 19035 | Lair:4   | Noticed a seven-headed hydra
 19324 | Lair:4   | Noticed a death yak
 19324 | Lair:4   | Killed a seven-headed hydra
 19423 | Lair:4   | Gained mutation: You have a moderately thin skeletal
                  | structure. (Dex +4, Stealth++) [demonic ancestry]
 19423 | Lair:4   | Reached XP level 13. HP: 79/79 MP: 8/22
 19532 | Lair:4   | Reached ***** piety under Sif Muna
 19733 | Lair:4   | Killed by an exploding themself... ignited by their inner
                  | flame

Illustrated notes

Levels and vault maps discovered:
D:1:      onia_arrival_mini_spirals, layout_loops_ring, chequers_garden,
          chequers_serial_rivers_small_b, minmay_door_square
D:2:      cheibrodos_fertilizer, layout_basic,
          shapermc_ecumenical_altar_mp_ritualfount
D:3:      minmay_wonky_spiral, layout_rooms, nrook_loot_triangle,
          kennysheep_generic_room_15
D:4:      layout_gridville, minmay_increasing_density, uniq_pikel
D:5:      kennysheep_steamy, layout_loops_ring, nicolae_overflow_hidden_temple,
          kennysheep_generic_room_3
D:6:      minmay_inner_zag, layout_gridville, mainiacjoe_overflow_tiny_flanked,
          minmay_temple_entry_large_hall, uniq_duvessa, uniq_grinder,
          uniq_menkaure
D:7:      layout_basic, mainiacjoe_overflow_alcove_1,
          nicolae_overflow_hallway_of_the_gods
D:8:      layout_basic, erik_lair_dragon, uniq_grum, uniq_psyche
D:9:      layout_loops_cross, minitemple, david_orc_5, serial_shops,
          nicolae_diamond_shop, nicolae_figureground_pulse, uniq_maggie,
          uniq_gastronok
D:10:     layout_long_grid, uniq_erolcha
D:11:     layout_roguey, lemuel_flamethrower_hall
Temple:   zaba_magenta_temple
Lair:1:   layout_roguey, nicolae_volcano_entry_batcave
Lair:2:   layout_regular_city, minmay_snake_entry_guardpost_medium,
          grunt_megastairs_1
Lair:3:   layout_big_grid, elwin_shoals_entry_rocks, nicolae_lair_liquid_snakes,
          grunt_megastairs_4, serial_bayou_shore_b, infiniplex_staircase_pool
Lair:4:   layout_gridlike, lookout_lair_type

Skill      XL: |  1  2  3  4  5  6  7  8  9 10 11 12 13 |
---------------+----------------------------------------+-----
Summonings     | 5 6 7 9 10 12 14 15 | 15.3
Dodging        | 3 5 7 10 | 10.1
Spellcasting   | 3 5 6 |  6.0
Translocations | 1 4 5 6 |  6.1
Polearms       | 2 5 6 7 |  7.0
Air Magic      | 4 |  4.0
Stealth        | |  1.7

Action                   |  1- 3 |  4- 6 |  7- 9 | 10-12 | 13-15 || total
-------------------------+-------+-------+-------+-------+-------++-------
Melee: Dagger            |    43 |    44 |    46 |       |       ||   133
       Halberd           |       |       |       |   276 |       ||   276
       Tailslap          |       |       |       |    28 |       ||    28
 Cast: Summon Small Mamm |    28 |       |       |    12 |     3 ||    43
       Call Imp          |    12 |    27 |    10 |    17 |     1 ||    67
       Call Canine Famil |       |    15 |    53 |   103 |     3 ||   174
       Summon Guardian G |       |       |     8 |    30 |     5 ||    43
       Summon Lightning  |       |       |       |    22 |     2 ||    24
       Blink             |       |       |       |    10 |       ||    10
Evoke: Wand              |       |       |       |     5 |       ||     5
  Use: Potion            |       |       |     3 |     4 |       ||     7
       Scroll            |       |       |     1 |    17 |       ||    18
 Stab: Sleeping          |     2 |     2 |     1 |     2 |       ||     7
       Distracted        |       |     1 |       |     6 |       ||     7
Armor: Robe              |    16 |    11 |    13 |       |       ||    40
       Leather armour    |       |       |     7 |   127 |       ||   134
Dodge: Dodged            |    38 |    29 |    47 |   248 |     1 ||   363
Block: Other             |       |       |     8 |    50 |       ||    58
